 Dungeon Sprint DCSS version 0.30-a0-304-gdc4b735fe1 (webtiles) character file.

Game seed: 11059064604673433788

970 mhtbhm the Protected (level 7, -2/73 HPs)
             Began as an Armataur Fighter on Oct 21, 2022.
             Slain by a deep troll (13 damage)
             ... in the Dungeon (Sprint I: "Red Sonja").
             The game lasted 00:02:04 (554 turns).

mhtbhm the Protected (Armataur Fighter)              Turns: 554, Time: 00:02:06

Health: -2/73      AC:  9    Str: 23    XL:     7   Next: 94%
Magic:  7/7        EV:  9    Int:  9    God:
Gold:   565        SH:  6    Dex:  9    Spells: 6/6 levels left

rFire   . . .      SeeInvis .    a - +0 long sword
rCold   . . .      Faith    .    c - +0 buckler
rNeg    . . .      Spirit   .    b - +3 leather armour {Will+}
rPois   .          Reflect  .    (no helmet)
rElec   .          Harm     .    (no cloak)
rCorr   .          Roll     +    (no gloves)
Will    ++...      NoTele   +    (no barding)
Stlth   +.........               (no amulet)
HPRegen 0.32/turn                l - ring of willpower
MPRegen 0.10/turn                (no ring)

@: no status effects
A: large, rugged brown scales 3, deformed body, armoured tail, roll, long
tongue, awkward tongue
a: no special abilities


You were in the Dungeon.
You visited 1 branch You collected 615 gold pieces.
You spent 50 gold pieces at shops.

Inventory:

Hand Weapons
 a - a +0 long sword (weapon)
Missiles
 e - 5 curare-tipped darts (quivered)
Armour
 b - a +3 leather armour of willpower (worn)
 c - a +0 buckler (worn)
Jewellery
 l - a ring of willpower (left hand)
Scrolls
 j - a scroll of blinking
 n - a scroll of identify {unknown}
Potions
 d - a potion of might
 f - a potion of heal wounds
 g - a potion of haste
 h - 2 potions of magic
 k - a potion of cancellation {unknown}
 m - 2 potions of curing


   Skills:
 + Level 8.5 Fighting
 + Level 6.7 Long Blades
 + Level 11.2 Armour
 + Level 2.0 Dodging
 + Level 10.1 Shields
 + Level 3.3 Evocations


You had 6 spell levels left.
You didn't know any spells.
Your spell library was empty.

Dungeon Overview and Level Annotations

Branches:
Dungeon (1/1)

Altars:
Cheibriados
Dithmenos
Elyvilon
Fedhas
Gozag
Hepliaklqana
Kikubaaqudgha
Nemelex Xobeh
Okawaru
Qazlal
Ru
Sif Muna
Trog
Uskayaw
Vehumet
Wu Jian
Yredelemnul
Zin
The Shining One

Shops:
D (!


Innate Abilities, Weirdness & Mutations

You are completely covered in rugged brown scales. (AC +3, +7% HP)
Armour fits poorly on your strangely shaped body.
You have a long armoured tail.
You roll when moving toward enemies. (Rampage)
Your long tongue fully drains potion bottles. (2x potion effects)
Your tongue gives you trouble enunciating. (1.5x scroll delay)


Message History

You feel much better. The deep troll bites you!
The deep troll barely misses you. The deep troll claws you!
You aren't carrying any items that you can evoke.
Unknown command.
You barely miss the deep troll.
The deep troll is heavily wounded.
The deep troll completely misses you.
The deep troll claws you but does no damage.
The deep troll claws you.
You hit the deep troll.
The deep troll is heavily wounded.
The deep troll barely misses you. x2; The deep troll claws you.
You hit the deep troll.
The deep troll is heavily wounded.
The deep troll barely misses you. x2; The deep troll completely misses you.
You closely miss the deep troll.
The deep troll is heavily wounded.
You block the deep troll's attack. The deep troll closely misses you.
The deep troll claws you.
You closely miss the deep troll. You tail-slap the deep troll!
The deep troll is severely wounded.
You block the deep troll's attack. The deep troll claws you!
The deep troll claws you.
You barely miss the deep troll.
The deep troll is severely wounded.
The deep troll closely misses you.
The deep troll claws you but does no damage.
The deep troll claws you!
You hit the deep troll.
The deep troll is severely wounded.
The deep troll bites you.
* * * LOW HITPOINT WARNING * * *
You block the deep troll's attack. The deep troll closely misses you.
You closely miss the deep troll.
The deep troll is severely wounded.
The deep troll bites you!
* * * LOW HITPOINT WARNING * * *
The deep troll claws you but does no damage.
The deep troll claws you!
You die...

#..#####'#####'#
#..####..#...#)#
#..#__####..##.#
#..#_____##)#_.+
#⌠⌠#_.∩...÷..._#
####_..__##_.#'#
#_____###'#.#
############.####+###
#∩........'..@T$$.$$+
###++++####...#######
###.### #.#'#.#
#.....# #...).#
#######


You could see a deep troll.

Vanquished Creatures
  Sonja (D)
  A yak (D)
  Sigmund (D)
  An ogre (D)
  A jelly (D)
  Ijyb (D)
6 creatures vanquished.

Vanquished Creatures (others)
  2 ballistomycete spores (D)
2 creatures vanquished.

Grand Total: 8 creatures vanquished

Notes
Turn   | Place    | Note
-------+----------+-------------------------------------------
     0 | D        | mhtbhm the Armataur Fighter began the quest for the Orb.
     0 | D        | Reached XP level 1. HP: 19/19 MP: 1/1
     1 | D        | Noticed Ijyb
    10 | D        | Killed Ijyb
    11 | D        | Reached skill level 5 in Armour
    11 | D        | Reached XP level 2. HP: 27/28 MP: 2/2
    73 | D        | Noticed an ogre
    77 | D        | Killed an ogre
    78 | D        | Reached skill level 5 in Fighting
    78 | D        | Reached skill level 7 in Armour
    78 | D        | Reached XP level 3. HP: 38/38 MP: 3/3
    78 | D        | Reached XP level 4. HP: 44/44 MP: 4/4
    91 | D        | Noticed Sigmund
    96 | D        | Killed Sigmund
    97 | D        | Reached skill level 8 in Armour
    97 | D        | Reached skill level 1 in Evocations
    97 | D        | Reached XP level 5. HP: 50/54 MP: 5/5
   121 | D        | Found an ornate altar of the Wu Jian Council.
   121 | D        | Found a shimmering blue altar of Sif Muna.
   123 | D        | Found a radiant altar of Vehumet.
   123 | D        | Identified the +4 dagger of Yhum {spect, Will+}
   127 | D        | Reached skill level 9 in Armour
   127 | D        | Reached XP level 6. HP: 62/62 MP: 6/6
   160 | D        | Found Laahien's Distillery.
   160 | D        | Found an ancient bone altar of Kikubaaqudgha.
   160 | D        | Found a hazy altar of Hepliaklqana.
   160 | D        | Found a stormy altar of Qazlal.
   160 | D        | Found a hide-covered altar of Uskayaw.
   160 | D        | Found a blossoming altar of Fedhas.
   160 | D        | Found a bloodstained altar of Trog.
   160 | D        | Found an iron altar of Okawaru.
   160 | D        | Found a basalt altar of Yredelemnul.
   160 | D        | Found a glowing golden altar of the Shining One.
   160 | D        | Found a snail-covered altar of Cheibriados.
   160 | D        | Found a sacrificial altar of Ru.
   160 | D        | Found a glowing silver altar of Zin.
   160 | D        | Found a shadowy altar of Dithmenos.
   160 | D        | Found a white marble altar of Elyvilon.
   160 | D        | Noticed a yak
   172 | D        | Killed a yak
   173 | D        | Reached skill level 5 in Long Blades
   173 | D        | Reached skill level 10 in Armour
   173 | D        | Found an opulent altar of Gozag.
   174 | D        | Found a sparkling altar of Nemelex Xobeh.
   182 | D        | Bought a potion of heal wounds for 50 gold pieces
   285 | D        | Noticed Sonja
   297 | D        | Killed Sonja
   298 | D        | Reached skill level 11 in Armour
   298 | D        | Reached skill level 10 in Shields
   298 | D        | Reached XP level 7. HP: 32/73 MP: 7/7
   475 | D        | Found Puxoycej's Weapon Boutique.
   534 | D        | Noticed a deep troll
   554 | D        | Slain by a deep troll

Illustrated notes

Levels and vault maps discovered:
D:        dungeon_sprint_1 [red_sonja_temple_1, red_sonja_temple_small_1]

Skill      XL: |  1  2  3  4  5  6 |
---------------+-------------------+-----
Fighting       | 3 5 6 8 |  8.5
Long Blades    | 2 3 4 6 |  6.7
Armour         | 5 7 8 9 11 | 11.2
Shields        | 4 6 7 8 10 | 10.1
Evocations     | 1 3 |  3.3
Dodging        | 2 |  2.0

Action                   |  1- 3 |  4- 6 |  7- 9 || total
-------------------------+-------+-------+-------++-------
Melee: Long sword        |    10 |    19 |    16 ||    45
       Tailslap          |       |     3 |     2 ||     5
Evoke: Wand              |     1 |     6 |     3 ||    10
  Use: Potion            |     1 |     1 |     1 ||     3
Armor: Scale mail        |     2 |       |       ||     2
       Leather armour    |       |    10 |     9 ||    19
Dodge: Dodged            |     2 |     6 |    19 ||    27
Block: Buckler           |     2 |    10 |    10 ||    22

Table legend: (Time is in decaauts)
 A = Elapsed time spent in this place.
 B = Non-inter-level travel time spent in this place.
 C = Inter-level travel time spent in this place.
 D = Time resting spent in this place.
 E = Time spent auto-exploring this place.
 F = Levels seen in this place.
 G = Mean time per level.
                   A        B        C        D        E       F      G
               +--------+--------+--------+--------+--------+-----+--------+
         Total |    578 |    578 |      0 |    319 |      1 |   1 |  578.0 |
       Dungeon |    578 |    578 |      0 |    319 |      1 |   1 |  578.0 |
               +--------+--------+--------+--------+--------+-----+--------+

Top non-repeatable levels by time:
       D: 578 daAuts
